 Dungeon Crawl Stone Soup version 0.20.1-1-g8b1a95d (webtiles) character file.

3131 schauveau the Cleaver (level 9, -11/81 HPs)
             Began as a Minotaur Fighter on Dec 2, 2017.
             Was an Initiate of Okawaru.
             Killed from afar by Erica (36 damage)
             ... with an orb of energy
             ... on level 7 of the Dungeon.
             The game lasted 00:10:09 (4750 turns).

schauveau the Cleaver (Minotaur Fighter)            Turns: 4750, Time: 00:10:09

Health: -11/81     AC: 14    Str: 22    XL:     9   Next: 61%
Magic:  8/8        EV:  7    Int:  5    God:    Okawaru [......]
Gold:   244        SH: 11    Dex: 12    Spells: 8/8 levels left

rFire    . . .     SeeInvis .   a - +0 war axe
rCold    . . .     Gourm    .   c - +0 shield
rNeg     . . .     Faith    .   y - +0 chain mail
rPois    .         Spirit   .   (helmet restricted)
rElec    .         Reflect  .   p - +1 cloak
rCorr    +         Harm     .   w - +0 pair of gloves
MR       +....                  (no boots)
Stlth    ..........             (no amulet)
Regen    0.3/turn               l - ring of resist corrosion
MPRegen  0.2/turn               m - ring of protection from magic

@: no status effects
A: retaliatory headbutt, horns 2
a: Renounce Religion


You were on level 7 of the Dungeon.
You worshipped Okawaru.
Okawaru was noncommittal.
You were not hungry.

You visited 2 branches of the dungeon, and saw 9 of its levels.

You collected 244 gold pieces.

Inventory:

Hand Weapons
 a - a +0 war axe (weapon)
 k - a +2 great sword of protection
Missiles
 v - 3 tomahawks
 D - 5 exploding tomahawks
 G - 8 poisoned tomahawks (quivered)
Armour
 c - a +0 shield (worn)
 p - a +1 cloak (worn)
 w - a +0 pair of gloves (worn)
 y - a +0 chain mail (worn)
Jewellery
 b - an uncursed ring of flight
 l - a ring of resist corrosion (left hand)
 m - a ring of protection from magic (right hand)
Wands
 x - a wand of random effects (15/48)
Scrolls
 e - 2 scrolls of fog
 h - a scroll of immolation
 n - 5 scrolls of teleportation
 t - 3 scrolls of remove curse
 z - a scroll of identify
 E - a scroll of amnesia
 F - a scroll of recharging
 I - a scroll of acquirement {unknown}
Potions
 d - 2 potions of might
 i - 3 potions of heal wounds
 j - a potion of cancellation
 r - a potion of ambrosia {unknown}
 s - a potion of invisibility
 u - 3 potions of curing
 A - a potion of mutation
 B - 2 potions of agility
 C - a potion of degeneration
Books
 o - a book of Maledictions

   Spells                             Type                      Level
   a - Corona                         Hexes                        1
   b - Ensorcelled Hibernation        Hexes/Ice                    2
   c - Confuse                        Hexes                        3
   d - Tukima's Dance                 Hexes                        3
   e - Dazzling Spray                 Conjuration/Hexes            3
 q - a book of Misfortune

   Spells                             Type                      Level
   a - Confusing Touch                Hexes                        1
   b - Confuse                        Hexes                        3
   c - Gell's Gravitas                Translocation                3
   d - Petrify                        Transmutation/Earth          4
   e - Metabolic Englaciation         Hexes/Ice                    5
   f - Yara's Violent Unravelling     Hexes/Transmutation          5
Comestibles
 f - 7 bread rations
 g - 3 royal jellies


   Skills:
 + Level 8.2 Fighting
 * Level 10.4 Axes
 + Level 7.6 Armour
 - Level 1.6 Dodging
 - Level 0.5 Stealth
 + Level 8.1 Shields


You had 8 spell levels left.
You didn't know any spells.

Dungeon Overview and Level Annotations

Branches:
Dungeon (8/15)             Temple (1/1) D:7
   Lair: D:8-11

Altars:
Ashenzari
Cheibriados
Dithmenos
Elyvilon
Fedhas
Gozag
Hepliaklqana
Kikubaaqudgha
Makhleb
Nemelex Xobeh
Okawaru
Qazlal
Ru
Sif Muna
Trog
Uskayaw
Vehumet
Xom
Yredelemnul
Zin
The Shining One

Annotations:
D:7 Erica


Innate Abilities, Weirdness & Mutations

You reflexively headbutt those who attack you in melee.
You have a pair of horns on your head.


Message History

You miss something.
You feel sick. Something hits you but does no damage.
You closely miss something.
You feel sick.
You completely miss something. Something hits you.
* * * LOW HITPOINT WARNING * * *
Something burns you.
* * * LOW HITPOINT WARNING * * *
You feel better. Something hits you but does no damage.
You hit something but do no damage. Something hits you. Something burns you.
You miss something. Something hits you. Something burns you.
Your shield and chain mail prevent you from hitting something.
Your headbutt misses something. You block something's attack.
You hit something. You headbutt something. You hit something but do no damage.
Something completely misses you.
You miss something. Something hits you. Something burns you.
You slice something!! Something hits you but does no damage.
You closely miss something.
You hear some strange, mumbled words.
An orb of energy appears from out of thin air!
The orb of energy hits you!
You die...

...#.....#
.#.#.###.#
.....###.#######
.....>.........#
#....###.#####.####
.#.#.###.#........#
.###.....#..##.#..#
.#########..##.#..#
.#.....# #..#..#@.#
.#.....###..#.##..#
.......##.........#
.#.....##.#.......#
.#.....##.###..####
.########.##...# ##
#.##.#.# #######
#.##.#.# ......#
#......#


There were no monsters in sight!

Vanquished Creatures
  The ghost of Doomgape the Grappler, a novice GrMo of Qazlal (D:7)
  Grinder (D:6)
  2 hippogriffs (D:7)
  Sigmund (D:5)
  2 sky beasts
  2 ogres
  A centaur (D:7)
  6 bullfrogs
  2 water moccasin zombies
  A scorpion (D:5)
  3 killer bees
  2 centaur zombies
  2 crimson imps
  An orc priest (D:3)
  2 hounds
  3 jellies
  Crazy Yiuf (D:5)
  2 bullfrog skeletons
  2 centaur skeletons
  2 iguanas
  Natasha (thrice) (D:2)
  3 orc wizards
  5 worker ants
  A hound zombie (D:6)
  8 gnolls (D:4)
  4 adders
  An adder zombie (D:5)
  2 worms (D:4)
  2 dart slugs
  2 leopard geckos
  15 orcs
  5 ball pythons
  4 giant cockroaches
  4 goblins
  2 hobgoblins (D:3)
  9 jackals
  2 kobolds
  2 quokkas
  3 bats
  2 frilled lizards
  A goblin skeleton (D:5)
  2 goblin zombies (D:5)
  2 hobgoblin zombies (D:5)
  A kobold skeleton (D:5)
  A kobold zombie (D:5)
  A leopard gecko skeleton (D:5)
  An orc skeleton (D:5)
  2 orc zombies (D:5)
  A quokka skeleton (D:4)
  A quokka zombie (D:5)
  3 rats
134 creatures vanquished.

Notes
Turn   | Place    | Note
-------+----------+-------------------------------------------
     0 | D:1      | schauveau the Minotaur Fighter began the quest for the Orb.
     0 | D:1      | Reached XP level 1. HP: 19/19 MP: 0/0
   198 | D:1      | Reached XP level 2. HP: 27/27 MP: 1/1
   301 | D:2      | Noticed Natasha
   302 | D:2      | Noticed a crimson imp
   307 | D:2      | Killed Natasha
   307 | D:2      | Reached skill level 3 in Axes
   307 | D:2      | Reached XP level 3. HP: 33/33 MP: 2/2
   370 | D:2      | Noticed Natasha
   374 | D:2      | Killed Natasha
   374 | D:2      | Reached skill level 4 in Axes
   374 | D:2      | Reached XP level 4. HP: 29/40 MP: 3/3
   386 | D:2      | Noticed Natasha
   390 | D:2      | Killed Natasha
   857 | D:3      | Reached XP level 5. HP: 47/47 MP: 4/4
  1226 | D:4      | Reached skill level 5 in Axes
  1226 | D:4      | Reached skill level 5 in Shields
  1229 | D:4      | Reached skill level 5 in Fighting
  1239 | D:5      | Entered Level 5 of the Dungeon
  1273 | D:4      | Reached XP level 6. HP: 49/56 MP: 5/5
  1508 | D:4      | Reached skill level 1 in Dodging
  1541 | D:4      | Noticed a sky beast
  1559 | D:4      | Killed a sky beast
  1643 | D:4      | Reached skill level 6 in Axes
  1999 | D:5      | Reached XP level 7. HP: 61/61 MP: 6/6
  2074 | D:5      | Reached skill level 5 in Armour
  2151 | D:5      | Found a glowing golden altar of the Shining One.
  2333 | D:5      | Found a runed door.
  2337 | D:5      | Noticed Crazy Yiuf
  2341 | D:5      | Killed Crazy Yiuf
  2449 | D:5      | Reached skill level 7 in Axes
  2678 | D:5      | Noticed Sigmund
  2693 | D:5      | Killed Sigmund
  2693 | D:5      | Reached XP level 8. HP: 53/70 MP: 7/7
  3061 | D:6      | Noticed Grinder
  3080 | D:6      | Killed Grinder
  3080 | D:6      | Reached skill level 8 in Axes
  3104 | D:6      | Found a bloodstained altar of Trog.
  3917 | D:7      | Reached skill level 9 in Axes
  4027 | D:7      | Reached XP level 9. HP: 29/79 MP: 8/8
  4369 | D:7      | Noticed Doomgape's ghost (novice GrMo)
  4384 | D:7      | Killed Doomgape's ghost
  4384 | D:7      | Reached skill level 10 in Axes
  4454 | D:7      | Found a staircase to the Ecumenical Temple.
  4486 | Temple   | Entered the Ecumenical Temple
  4523 | Temple   | Became a worshipper of Warmaster Okawaru
  4720 | D:8      | Noticed Erica
  4750 | D:7      | Killed from afar by Erica

Skill      XL: |  1  2  3  4  5  6  7  8  9 |
---------------+----------------------------+-----
Fighting       | 4 5 6 7 8 |  8.2
Axes           | 3 4 5 6 7 9 10 | 10.4
Armour         | 4 5 6 7 |  7.6
Shields        | 4 5 7 8 |  8.1
Dodging        | 1 |  1.6
Stealth        | |  0.5

Action                   |  1- 3 |  4- 6 |  7- 9 || total
-------------------------+-------+-------+-------++-------
Melee: War axe           |    43 |   137 |   252 ||   432
       Headbutt          |     5 |    19 |    44 ||    68
  Use: Scroll            |       |     9 |     7 ||    16
       Potion            |       |       |     3 ||     3
 Stab: Invisible         |       |       |     1 ||     1
  Eat: Chunk             |       |     3 |     4 ||     7
       Royal jelly       |       |     1 |       ||     1
       Bread ration      |       |       |     1 ||     1
Armor: Scale mail        |    26 |    65 |       ||    91
       Chain mail        |       |       |   115 ||   115
Dodge: Dodged            |    13 |    37 |    61 ||   111
Block: Shield            |    25 |    78 |   137 ||   240
